Staline vs Tamiflu
(R2)
Created - May 11, 2017 at 19:23
Goals
|
| Staline |
1 |
2 |
0 |
1 |
4 |
| Tamiflu |
1 |
1 |
1 |
0 |
3 |
|
Shots
|
| Staline |
10 |
13 |
7 |
1 |
31 |
| Tamiflu |
13 |
15 |
9 |
0 |
37 |
|
1st period
1. Staline , Corey Trivino 14 (James Sheppard 24) at 8:15
2. Tamiflu , Mike Duco 19 (Jan Mursak 15, Robert Dome 57) at 19:30
Penalties :
Peter Holland (StJ) for Tripping (Minor) at 4:54
2nd period
3. Staline , James Sheppard 23 (Bryan Bickell 10, Cody Eakin 41) at 10:01
4. Tamiflu , Jamie Arniel 38 (Mattias Tedenby 20, Petr Pohl 56) at 16:51
5. Staline , Nick Spaling 38 (Cody Eakin 42, Jordan Caron 25) at 19:39
Penalties :
Philip Samuelsson (Det) for Goalie Interference (Minor) at 1:31, Adam Larsson (Det) for Roughing (Minor) at 5:12, James Sheppard (StJ) for Cross-checking (Minor) at 7:53, Barclay Goodrow (StJ) for High sticking (Minor) at 12:11, Steven Goertzen (StJ) for Cross-checking (Minor) at 16:54, Joni Ortio (StJ) for Slashing (Minor) at 19:55 - Stu Bickel served the penalty
3rd period
6. Tamiflu , Robert Dome 38 (Greg Mauldin 59, Jordan Hendry 44) at 3:18 (PP)
Penalties :
Cody Eakin (StJ) for Interference (Minor) at 2:30, Barclay Goodrow (StJ) for Tripping (Minor) at 6:19, Brandon Burlon (StJ) for Holding (Minor) at 10:42, Lucas Lessio (Det) for Hooking (Minor) at 13:38, Jan Mursak (Det) for Interference (Minor) at 17:48
Overtime #1
7. Staline , Matt Pettinger 52 (Steven Goertzen 35, Keith Yandle 66) at 1:22
Penalties :
No Penalty
Goalie Stats
Joni Ortio (StJ), 34 saves from 37 shots - (0.919), W, 4-6-2, 61:22 minutes
Joe Fallon (Det), 27 saves from 31 shots - (0.871), OTL, 6-4-2, 61:22 minutes
Players Stats for Staline
Player Name G A P +/- PIM S H SB GA TA FO MP PP MP PK MP
------------------------------------------------------------------------------------
Aaron Ness 0 0 0 0 0 0 0 0 0 0 0/0 7:40 0:00 0:00
Andrey Pedan 0 0 0 1 0 0 0 0 0 0 0/0 3:38 0:00 0:00
Barclay Goodrow 0 0 0 1 4 0 0 0 0 0 1/1 10:37 0:12 0:00
Brandon Burlon 0 0 0 1 2 0 1 2 1 0 0/0 19:20 2:44 5:03
Bryan Bickell 0 1 1 1 0 1 0 0 0 0 0/0 8:21 0:30 2:24
Cody Eakin 0 2 2 2 2 3 1 0 0 0 4/13 15:51 2:49 1:17
Corey Trivino 1 0 1 1 0 4 0 0 0 0 5/8 15:40 0:00 5:11
David Desharnais 0 0 0 0 0 0 0 0 0 0 4/6 3:23 0:00 0:35
David Kolomatis 0 0 0 0 0 0 1 0 0 0 0/0 8:36 0:00 0:35
David Musil 0 0 0 0 0 0 0 0 0 0 0/0 2:18 0:00 1:39
James Sheppard 1 1 2 1 2 1 1 0 1 0 1/1 12:35 1:27 0:00
Jiri Sekac 0 0 0 -2 0 1 1 0 0 0 8/21 12:12 3:45 0:12
Jordan Caron 0 1 1 1 0 1 1 0 0 0 0/0 14:20 3:01 0:00
Keith Yandle 0 1 1 0 0 2 1 1 0 2 0/0 29:21 5:12 8:45
Matt Pettinger 1 0 1 0 0 8 1 0 1 0 10/14 27:48 4:43 8:12
Mike Reilly 0 0 0 1 0 0 0 0 0 0 0/0 3:38 0:00 0:00
Nick Spaling 1 0 1 1 0 4 3 0 1 0 0/0 18:47 2:43 4:45
Nikita Nesterov 0 0 0 0 0 0 0 0 0 0 0/0 0:00 0:00 0:00
Peter Holland 0 0 0 0 2 1 0 0 0 1 1/1 4:57 0:00 0:00
Philip Larsen 0 0 0 1 0 1 1 2 0 0 0/0 20:43 2:44 5:56
Steven Goertzen 0 1 1 -1 2 2 1 0 1 0 1/1 23:15 4:38 6:46
Stu Bickel 0 0 0 0 0 2 3 0 1 1 0/0 27:40 5:12 7:24
Players Stats for Tamiflu
Player Name G A P +/- PIM S H SB GA TA FO MP PP MP PK MP
------------------------------------------------------------------------------------
Adam Larsson 0 0 0 -1 2 0 1 0 0 0 0/0 11:06 0:11 0:27
Casey Wellman 0 0 0 -1 0 0 0 0 0 0 1/3 6:08 0:00 0:00
Colin Greening 0 0 0 -1 0 1 1 2 0 0 0/0 9:01 0:00 0:48
Greg Mauldin 0 1 1 -1 0 8 2 0 0 1 7/19 21:32 7:10 1:26
Jamie Arniel 1 0 1 1 0 5 2 1 0 0 14/26 19:41 7:20 1:29
Jan Mursak 0 1 1 -1 2 0 2 1 0 0 0/1 11:59 0:00 3:47
Jordan Hendry 0 1 1 1 0 1 1 1 0 0 0/0 29:34 8:53 4:00
Justin Braun 0 0 0 -1 0 0 1 0 0 0 0/0 10:31 0:00 0:38
Lucas Lessio 0 0 0 -1 2 0 1 0 0 0 0/0 9:37 0:11 1:18
Mattias Tedenby 0 1 1 1 0 3 1 0 1 0 0/2 18:12 7:20 0:00
Mike Duco 1 0 1 -1 0 4 4 0 0 0 0/0 10:17 0:11 1:29
Nathan Oystrick 0 0 0 -2 0 1 3 3 2 1 0/0 21:55 5:48 3:56
Nino Niederreiter 0 0 0 0 0 1 3 0 0 1 0/2 17:19 7:10 0:00
Petr Pohl 0 1 1 0 0 4 3 1 0 1 8/12 24:19 7:20 4:45
Philip Samuelsson 0 0 0 1 2 2 0 2 1 1 0/0 29:41 8:53 2:49
Rich Clune 0 0 0 -1 0 0 1 0 0 0 0/0 7:16 0:00 0:50
Robert Dome 1 1 2 0 0 4 1 0 0 0 1/1 17:19 7:10 0:00
Stefan Elliott 0 0 0 -2 0 3 2 0 0 1 0/0 22:01 5:48 4:02
3 Stars
1 - Nick Spaling (StJ)
2 - Robert Dome (Det)
3 - Jamie Arniel (Det)
Power Play
Staline - 0 on 4 Attempt(s) - 0.00%
Tamiflu - 1 on 8 Attempt(s) - 12.50%
Penalty Kill
Staline - 7 on 8 Attempt(s) - 87.50%
- Score 0 goal in Penalty Kill
Tamiflu - 4 on 4 Attempt(s) - 100.00%
- Score 0 goal in Penalty Kill
Team Stat
Staline - Hits : 16 - Faceoff Wins : 35 - Blocked Shots : 5 - Penalty Minutes : 16
Tamiflu - Hits : 29 - Faceoff Wins : 31 - Blocked Shots : 11 - Penalty Minutes : 8
Official
Referees : Rooney Chris and Banfield David
Linesman : Don Henderson and Jonny Murray
Game Notes
David Desharnais is injured at 13:04 of 1st period (Torn Left Knee Ligaments)
Finance
Level 1 -- Attendance: 1546 (77.30%) -- Ticket Income $38,650
Level 2 -- Attendance: 756 (75.60%) -- Ticket Income $7,560
Total Attendance: 2302 (76.73%)
Total Ticket Income: $46,210
Other Income: $2,310
Total Income: $48,520
Staline
5 vs 5 Forward
Center Left Wing Right Wing Time % Phy DF OF
1 David Desharnais Matt Pettinger Steven Goertzen 40 1 2 2
2 Cody Eakin Nick Spaling Jordan Caron 30 1 2 2
3 Corey Trivino James Sheppard Barclay Goodrow 20 1 2 2
4 Peter Holland Bryan Bickell Matt Pettinger 10 1 2 2
5 vs 5 Defense
Defense Defense Time % Phy DF OF
1 Stu Bickel Keith Yandle 40 1 2 2
2 Brandon Burlon Philip Larsen 30 1 2 2
3 David Kolomatis Aaron Ness 20 1 2 2
4 Andrey Pedan Mike Reilly 10 1 2 2
PowerPlay Forward
Center Left Wing Right Wing Time % Phy DF OF
1 David Desharnais Matt Pettinger Steven Goertzen 60 1 2 2
2 Cody Eakin Nick Spaling Jordan Caron 40 1 2 2
PowerPlay Defense
Defense Defense Time % Phy DF OF
1 Stu Bickel Keith Yandle 60 1 2 2
2 Brandon Burlon Philip Larsen 40 1 2 2
Penalty Kill 4 Players Forward
Center Wing Time % Phy DF OF
1 Matt Pettinger Steven Goertzen 60 1 2 2
2 Nick Spaling David Desharnais 40 1 2 2
Penalty Kill 4 Players Defense
Defense Defense Time % Phy DF OF
1 Stu Bickel Keith Yandle 60 1 2 2
2 Brandon Burlon Philip Larsen 40 1 2 2
Penalty Kill - 3 Players Forward
Forward Time % Phy DF OF
1 Matt Pettinger 60 1 2 2
2 Steven Goertzen 40 1 2 2
Penalty Kill - 3 Players Defense
Defense Defense Time % Phy DF OF
1 Stu Bickel Keith Yandle 60 1 2 2
2 Brandon Burlon Philip Larsen 40 1 2 2
4 vs 4 Forward
Center Wing Time % Phy DF OF
1 Matt Pettinger Steven Goertzen 60 1 2 2
2 Nick Spaling David Desharnais 40 1 2 2
4 vs 4 Defense
Defense Defense Time % Phy DF OF
1 Stu Bickel Keith Yandle 60 1 2 2
2 Brandon Burlon Philip Larsen 40 1 2 2
Last Minutes Offensive
Center Left Wing Right Wing Defense Defense
David Desharnais Matt Pettinger Steven Goertzen Stu Bickel Keith Yandle
Last Minutes Defensive
Center Left Wing Right Wing Defense Defense
David Desharnais Matt Pettinger Steven Goertzen Stu Bickel Keith Yandle
Goaltenders
Starting : Joni Ortio
Backup : Allen York
Extra Forwards
Normal : Jiri Sekac, James Sheppard, Corey Trivino - PP : Jiri Sekac, James Sheppard - PK : Corey Trivino
Extra Defensemen
Normal : Nikita Nesterov, David Musil, David Kolomatis - PP : Nikita Nesterov - PK : David Musil, David Kolomatis
Penalty Shots
Matt Pettinger, Steven Goertzen, Nick Spaling, David Desharnais, Cody Eakin
Scratches
David Desharnais (Torn Left Knee Ligaments Injury), Dustin Kohn (Healthy), Brandon Mashinter (Back Surgery Injury), Mark Mitera (Left Leg Injury), Danny Kristo (Broken Bone (Right Ankle) Injury)
Tamiflu
5 vs 5 Forward
Center Left Wing Right Wing Time % Phy DF OF
1 Greg Mauldin Robert Dome Nino Niederreiter 35 0 2 3
2 Jamie Arniel Mattias Tedenby Petr Pohl 35 0 2 3
3 Colin Greening Jan Mursak Mike Duco 20 1 2 2
4 Casey Wellman Lucas Lessio Rich Clune 10 1 2 2
5 vs 5 Defense
Defense Defense Time % Phy DF OF
1 Philip Samuelsson Jordan Hendry 40 1 2 2
2 Nathan Oystrick Stefan Elliott 30 1 2 2
3 Justin Braun Adam Larsson 20 1 2 2
4 Justin Braun Adam Larsson 10 1 3 1
PowerPlay Forward
Center Left Wing Right Wing Time % Phy DF OF
1 Greg Mauldin Robert Dome Nino Niederreiter 50 0 1 4
2 Jamie Arniel Mattias Tedenby Petr Pohl 50 0 1 4
PowerPlay Defense
Defense Defense Time % Phy DF OF
1 Philip Samuelsson Jordan Hendry 60 0 2 3
2 Stefan Elliott Nathan Oystrick 40 0 2 3
Penalty Kill 4 Players Forward
Center Wing Time % Phy DF OF
1 Petr Pohl Jan Mursak 60 1 3 1
2 Jamie Arniel Mike Duco 40 1 3 1
Penalty Kill 4 Players Defense
Defense Defense Time % Phy DF OF
1 Nathan Oystrick Stefan Elliott 50 1 3 1
2 Philip Samuelsson Jordan Hendry 50 1 3 1
Penalty Kill - 3 Players Forward
Forward Time % Phy DF OF
1 Jan Mursak 60 1 4 0
2 Mike Duco 40 1 4 0
Penalty Kill - 3 Players Defense
Defense Defense Time % Phy DF OF
1 Nathan Oystrick Jordan Hendry 60 1 4 0
2 Philip Samuelsson Stefan Elliott 40 1 4 0
4 vs 4 Forward
Center Wing Time % Phy DF OF
1 Greg Mauldin Petr Pohl 50 1 2 2
2 Robert Dome Nino Niederreiter 50 1 2 2
4 vs 4 Defense
Defense Defense Time % Phy DF OF
1 Philip Samuelsson Jordan Hendry 60 1 2 2
2 Nathan Oystrick Justin Braun 40 1 2 2
Last Minutes Offensive
Center Left Wing Right Wing Defense Defense
Greg Mauldin Robert Dome Petr Pohl Philip Samuelsson Jordan Hendry
Last Minutes Defensive
Center Left Wing Right Wing Defense Defense
Jamie Arniel Jan Mursak Mike Duco Philip Samuelsson Nathan Oystrick
Goaltenders
Starting : Joe Fallon
Backup : Thomas Greiss
Extra Forwards
Normal : Petr Pohl, Nino Niederreiter, Mike Duco - PP : Mattias Tedenby, Mike Duco - PK : Greg Mauldin
Extra Defensemen
Normal : Philip Samuelsson, Stefan Elliott, Justin Braun - PP : Justin Braun - PK : Justin Braun, Stefan Elliott
Penalty Shots
Mattias Tedenby, Jamie Arniel, Robert Dome, Nino Niederreiter, Greg Mauldin
Scratches
Garrett Wilson (Healthy), Tanner Kero (Healthy), Greg McKegg (Healthy), Kyle Lawson (Healthy), Brett Bulmer (Healthy)
Stuart Percy (Healthy), Jerome Gauthier-Leduc (Healthy), Konrad Abeltshauser (Healthy), Phoenix Copley (Healthy), Tyler Beskorowany (Healthy)
% Time on Ice - Staline
Lines # - Real PCT - Wanted PCT - Time Play
Normal Forward
1 - 29% - 40% - 10:57
2 - 31% - 30% - 11:27
3 - 27% - 20% - 10:08
4 - 13% - 10% - 4:51
Normal Defense
1 - 38% - 40% - 14:02
2 - 32% - 30% - 12:03
3 - 21% - 20% - 7:40
4 - 10% - 10% - 3:38
PP Forward
1 - 66% - 60% - 5:13
2 - 34% - 40% - 2:43
PP Defense
1 - 66% - 60% - 5:12
2 - 34% - 40% - 2:44
PK Forward
1 - 67% - 60% - 9:53
2 - 33% - 40% - 4:48
PK Defense
1 - 60% - 60% - 8:45
2 - 40% - 40% - 5:56
PK3 Forward
1 - 0% - 60%
2 - 0% - 40%
PK3 Defense
1 - 0% - 60%
2 - 0% - 40%
44 Forward
1 - 100% - 60% - 1:22
2 - 0% - 40% - 0:00
44 Defense
1 - 100% - 60% - 1:22
2 - 0% - 40% - 0:00
Last Minute Offensive - 0:00
Last Minute Defensive - 0:00
Total
Forward - 61:22
Defense - 61:22
|
% Time on Ice - Tamiflu
Lines # - Real PCT - Wanted PCT - Time Play
Normal Forward
1 - 32% - 35% - 12:00
2 - 30% - 35% - 11:14
3 - 21% - 20% - 8:01
4 - 16% - 10% - 6:08
Normal Defense
1 - 42% - 40% - 15:34
2 - 32% - 30% - 11:56
3 - 22% - 20% - 8:04
4 - 5% - 10% - 1:49
PP Forward
1 - 50% - 50% - 7:19
2 - 50% - 50% - 7:22
PP Defense
1 - 60% - 60% - 8:53
2 - 40% - 40% - 5:48
PK Forward
1 - 81% - 60% - 6:27
2 - 19% - 40% - 1:29
PK Defense
1 - 50% - 50% - 3:56
2 - 50% - 50% - 4:00
PK3 Forward
1 - 0% - 60%
2 - 0% - 40%
PK3 Defense
1 - 0% - 60%
2 - 0% - 40%
44 Forward
1 - 100% - 50% - 1:22
2 - 0% - 50% - 0:00
44 Defense
1 - 100% - 60% - 1:22
2 - 0% - 40% - 0:00
Last Minute Offensive - 0:00
Last Minute Defensive - 0:00
Total
Forward - 61:22
Defense - 61:22
|
Play by Play
1st period
0:01 of 1st period - David Desharnais wins face-off versus Greg Mauldin in neutral zone.
0:04 of 1st period - Jordan Hendry is hit by Matt Pettinger and loses puck.
0:14 of 1st period - Off-side.
0:15 of 1st period - Jamie Arniel wins face-off versus Cody Eakin in neutral zone.
0:22 of 1st period - Snap shot by Mattias Tedenby.
0:22 of 1st period - Deflect By Nick Spaling.
0:22 of 1st period - Stopped by Joni Ortio with a rebound.
0:51 of 1st period - Wrist shot by Matt Pettinger.
0:51 of 1st period - Shot Misses the Net.
0:53 of 1st period - Snap shot by Bryan Bickell.
0:53 of 1st period - Shot Misses the Net.
0:55 of 1st period - Snap shot by Peter Holland.
0:55 of 1st period - Stopped by Joe Fallon with a rebound.
1:28 of 1st period - Snap shot by Steven Goertzen.
1:28 of 1st period - Stopped by Joe Fallon with a rebound.
2:24 of 1st period - Andrey Pedan is hit by Nathan Oystrick and loses puck.
2:37 of 1st period - Snap shot by Nathan Oystrick.
2:37 of 1st period - Stopped by Joni Ortio with a rebound.
3:14 of 1st period - Wrist shot by Petr Pohl.
3:14 of 1st period - Stopped by Joni Ortio with a rebound.
3:32 of 1st period - Wrist shot by Robert Dome.
3:32 of 1st period - Stopped by Joni Ortio with a rebound.
4:06 of 1st period - Brandon Burlon is hit by Nathan Oystrick.
4:54 of 1st period - Minor Penalty to Peter Holland for Tripping.
4:55 of 1st period - Greg Mauldin wins face-off versus Matt Pettinger in Staline zone.
5:20 of 1st period - Steven Goertzen is hit by Petr Pohl and loses puck.
5:38 of 1st period - Mattias Tedenby is hit by Keith Yandle and loses puck.
5:55 of 1st period - Wrist shot by Greg Mauldin.
5:55 of 1st period - Shot Blocked by Philip Larsen.
5:57 of 1st period - Snap shot by Nathan Oystrick.
5:57 of 1st period - Shot Misses the Net.
6:52 of 1st period - Icing by Petr Pohl.
6:53 of 1st period - Jamie Arniel wins face-off versus Cody Eakin in Tamiflu zone.
6:54 of 1st period - Penalty to Peter Holland is over, Peter Holland is back on ice.
7:17 of 1st period - Barclay Goodrow is hit by Mike Duco and loses puck.
7:28 of 1st period - Adam Larsson is hit by Nick Spaling and loses puck.
7:50 of 1st period - Matt Pettinger is hit by Nino Niederreiter and loses puck.
7:59 of 1st period - Snap shot by Greg Mauldin.
7:59 of 1st period - Stopped by Joni Ortio with a rebound.
8:13 of 1st period - Wrist shot by Corey Trivino.
8:13 of 1st period - Shot Blocked by Colin Greening.
8:15 of 1st period - Wrist shot by Corey Trivino.
8:15 of 1st period - Goal by Corey Trivino - Staline : 1 - Tamiflu : 0.
8:16 of 1st period - Jamie Arniel wins face-off versus David Desharnais in neutral zone.
9:54 of 1st period - Snap shot by Robert Dome.
9:54 of 1st period - Stopped by Joni Ortio without a rebound.
9:55 of 1st period - Cody Eakin wins face-off versus Greg Mauldin in Staline zone.
10:06 of 1st period - Snap shot by Cody Eakin.
10:06 of 1st period - Deflect By Robert Dome.
10:06 of 1st period - Stopped by Joe Fallon without a rebound.
10:07 of 1st period - David Desharnais wins face-off versus Jamie Arniel in Tamiflu zone.
10:10 of 1st period - Snap shot by Matt Pettinger.
10:10 of 1st period - Stopped by Joe Fallon with a rebound.
11:43 of 1st period - Snap shot by Cody Eakin.
11:43 of 1st period - Stopped by Joe Fallon without a rebound.
11:44 of 1st period - Corey Trivino wins face-off versus Petr Pohl in Tamiflu zone.
12:04 of 1st period - Icing by Mattias Tedenby.
12:05 of 1st period - David Desharnais wins face-off versus Jamie Arniel in Tamiflu zone.
12:32 of 1st period - Stefan Elliott is hit by Nick Spaling and loses puck.
12:58 of 1st period - Snap shot by Jamie Arniel.
12:58 of 1st period - Stopped by Joni Ortio without a rebound.
12:59 of 1st period - Greg Mauldin wins face-off versus David Desharnais in Staline zone.
13:02 of 1st period - Snap shot by Robert Dome.
13:02 of 1st period - Stopped by Joni Ortio without a rebound.
13:03 of 1st period - David Desharnais wins face-off versus Nino Niederreiter in Staline zone.
13:03 of 1st period - David Desharnais is hit by Nino Niederreiter.
13:04 of 1st period - David Desharnais from Staline is injured at 13:04 of 1st period (Torn Left Knee Ligaments).
13:05 of 1st period - Robert Dome wins face-off versus Jiri Sekac in Staline zone.
13:30 of 1st period - Jamie Arniel is hit by Nick Spaling and loses puck.
13:35 of 1st period - Wrist shot by Cody Eakin.
13:35 of 1st period - Shot Misses the Net.
14:12 of 1st period - Snap shot by Bryan Bickell.
14:12 of 1st period - Stopped by Joe Fallon with a rebound.
14:14 of 1st period - Slapshot by Matt Pettinger.
14:14 of 1st period - Stopped by Joe Fallon without a rebound.
14:15 of 1st period - Peter Holland wins face-off versus Greg Mauldin in Tamiflu zone.
14:18 of 1st period - Snap shot by Bryan Bickell.
14:18 of 1st period - Shot Misses the Net.
14:20 of 1st period - Slapshot by David Kolomatis.
14:20 of 1st period - Shot Misses the Net.
14:22 of 1st period - Snap shot by Matt Pettinger.
14:22 of 1st period - Stopped by Joe Fallon with a rebound.
14:24 of 1st period - Snap shot by Peter Holland.
14:24 of 1st period - Shot Misses the Net.
14:30 of 1st period - Snap shot by Bryan Bickell.
14:30 of 1st period - Shot Misses the Net.
14:42 of 1st period - Aaron Ness is hit by Petr Pohl and loses puck.
15:05 of 1st period - Steven Goertzen is hit by Jan Mursak and loses puck.
15:46 of 1st period - Snap shot by Nick Spaling.
15:46 of 1st period - Shot Misses the Net.
16:24 of 1st period - Keith Yandle is hit by Mike Duco.
16:30 of 1st period - Snap shot by James Sheppard.
16:30 of 1st period - Shot Blocked by Jordan Hendry.
16:41 of 1st period - Philip Samuelsson is hit by Jordan Caron and loses puck.
16:53 of 1st period - Brandon Burlon is hit by Rich Clune and loses puck.
17:10 of 1st period - Snap shot by Greg Mauldin.
17:10 of 1st period - Shot Misses the Net.
17:12 of 1st period - Snap shot by Greg Mauldin.
17:12 of 1st period - Stopped by Joni Ortio with a rebound.
17:14 of 1st period - Slapshot by Nino Niederreiter.
17:14 of 1st period - Stopped by Joni Ortio without a rebound.
17:15 of 1st period - Corey Trivino wins face-off versus Jamie Arniel in Staline zone.
17:15 of 1st period - Corey Trivino is hit by Petr Pohl.
17:31 of 1st period - Slapshot by Corey Trivino.
17:31 of 1st period - Shot Misses the Net.
17:47 of 1st period - Wrist shot by Nick Spaling.
17:47 of 1st period - Stopped by Joe Fallon with a rebound.
17:53 of 1st period - Stefan Elliott is hit by David Kolomatis.
18:05 of 1st period - Steven Goertzen is hit by Mike Duco and loses puck.
18:12 of 1st period - Wrist shot by Mike Duco.
18:12 of 1st period - Shot Misses the Net.
18:14 of 1st period - Snap shot by Mike Duco.
18:14 of 1st period - Stopped by Joni Ortio with a rebound.
18:16 of 1st period - Snap shot by Stefan Elliott.
18:16 of 1st period - Stopped by Joni Ortio with a rebound.
18:32 of 1st period - Wrist shot by James Sheppard.
18:32 of 1st period - Shot Blocked by Philip Samuelsson.
19:30 of 1st period - Snap shot by Mike Duco.
19:30 of 1st period - Goal by Mike Duco - Staline : 1 - Tamiflu : 1.
19:31 of 1st period - Greg Mauldin wins face-off versus Jiri Sekac in neutral zone.
19:44 of 1st period - Slapshot by Greg Mauldin.
19:44 of 1st period - Shot Blocked by Keith Yandle.
Goals for this period are 1 for Staline vs 1 for Tamiflu.
Shots for this period are 10 for Staline vs 13 for Tamiflu.
2nd period
0:01 of 2nd period - Greg Mauldin wins face-off versus Jiri Sekac in neutral zone.
0:16 of 2nd period - Snap shot by Nino Niederreiter.
0:16 of 2nd period - Shot Misses the Net.
0:30 of 2nd period - Wrist shot by Keith Yandle.
0:30 of 2nd period - Deflect By Nick Spaling.
0:30 of 2nd period - Shot Misses the Net.
0:30 of 2nd period - Puck is out of play.
0:31 of 2nd period - Jamie Arniel wins face-off versus Cody Eakin in Tamiflu zone.
0:56 of 2nd period - Philip Larsen is hit by Greg Mauldin and loses puck.
1:31 of 2nd period - Minor Penalty to Philip Samuelsson for Goalie Interference.
1:32 of 2nd period - Jiri Sekac wins face-off versus Petr Pohl in Tamiflu zone.
1:41 of 2nd period - Off-side.
1:42 of 2nd period - Petr Pohl wins face-off versus Jiri Sekac in neutral zone.
1:59 of 2nd period - Slapshot by Keith Yandle.
1:59 of 2nd period - Deflect By Matt Pettinger.
1:59 of 2nd period - Shot Blocked by Nathan Oystrick.
1:59 of 2nd period - Puck is out of play.
2:00 of 2nd period - Petr Pohl wins face-off versus Jiri Sekac in Tamiflu zone.
2:31 of 2nd period - Brandon Burlon is hit by Jordan Hendry and loses puck.
3:03 of 2nd period - Slapshot by Greg Mauldin.
3:03 of 2nd period - Shot Misses the Net.
3:31 of 2nd period - Penalty to Philip Samuelsson is over, Philip Samuelsson is back on ice.
3:56 of 2nd period - Philip Larsen is hit by Stefan Elliott and loses puck.
4:05 of 2nd period - Slapshot by Greg Mauldin.
4:05 of 2nd period - Stopped by Joni Ortio with a rebound.
4:07 of 2nd period - Slapshot by Stefan Elliott.
4:07 of 2nd period - Shot Blocked by Philip Larsen.
4:33 of 2nd period - Wrist shot by Greg Mauldin.
4:33 of 2nd period - Stopped by Joni Ortio with a rebound.
4:45 of 2nd period - Wrist shot by Philip Samuelsson.
4:45 of 2nd period - Shot Hit the Post.
4:47 of 2nd period - Wrist shot by Philip Samuelsson.
4:47 of 2nd period - Shot Misses the Net.
4:49 of 2nd period - Snap shot by Philip Samuelsson.
4:49 of 2nd period - Stopped by Joni Ortio without a rebound.
4:50 of 2nd period - Cody Eakin wins face-off versus Jamie Arniel in Staline zone.
4:50 of 2nd period - Cody Eakin is hit by Justin Braun.
5:12 of 2nd period - Minor Penalty to Adam Larsson for Roughing.
5:13 of 2nd period - Cody Eakin wins face-off versus Petr Pohl in Tamiflu zone.
5:14 of 2nd period - Slapshot by Keith Yandle.
5:14 of 2nd period - Deflect By Jan Mursak.
5:14 of 2nd period - Stopped by Joe Fallon without a rebound.
5:15 of 2nd period - Petr Pohl wins face-off versus Cody Eakin in Tamiflu zone.
5:20 of 2nd period - Slapshot by Stefan Elliott.
5:20 of 2nd period - Stopped by Joni Ortio without a rebound.
5:21 of 2nd period - Cody Eakin wins face-off versus Jan Mursak in Staline zone.
5:30 of 2nd period - Snap shot by Jordan Caron.
5:30 of 2nd period - Stopped by Joe Fallon without a rebound.
5:31 of 2nd period - Jiri Sekac wins face-off versus Petr Pohl in Tamiflu zone.
5:38 of 2nd period - Snap shot by Steven Goertzen.
5:38 of 2nd period - Stopped by Joe Fallon with a rebound.
5:40 of 2nd period - Slapshot by Stu Bickel.
5:40 of 2nd period - Shot Misses the Net.
5:42 of 2nd period - Slapshot by Stu Bickel.
5:42 of 2nd period - Shot Misses the Net.
5:44 of 2nd period - Wrist shot by Stu Bickel.
5:44 of 2nd period - Shot Misses the Net.
5:46 of 2nd period - Slapshot by Stu Bickel.
5:46 of 2nd period - Stopped by Joe Fallon without a rebound.
5:47 of 2nd period - Petr Pohl wins face-off versus Jiri Sekac in Tamiflu zone.
7:12 of 2nd period - Penalty to Adam Larsson is over, Adam Larsson is back on ice.
7:46 of 2nd period - Backhand shot by Greg Mauldin.
7:46 of 2nd period - Stopped by Joni Ortio without a rebound.
7:47 of 2nd period - Jamie Arniel wins face-off versus Corey Trivino in Staline zone.
7:48 of 2nd period - Snap shot by Mattias Tedenby.
7:48 of 2nd period - Shot Misses the Net.
7:50 of 2nd period - Slapshot by Jordan Hendry.
7:50 of 2nd period - Stopped by Joni Ortio without a rebound.
7:51 of 2nd period - Corey Trivino wins face-off versus Jamie Arniel in Staline zone.
7:53 of 2nd period - Minor Penalty to James Sheppard for Cross-checking.
7:54 of 2nd period - Matt Pettinger wins face-off versus Greg Mauldin in Staline zone.
8:34 of 2nd period - Snap shot by Nick Spaling.
8:34 of 2nd period - Shot Misses the Net.
8:36 of 2nd period - Snap shot by Corey Trivino.
8:36 of 2nd period - Stopped by Joe Fallon with a rebound.
8:38 of 2nd period - Wrist shot by Nick Spaling.
8:38 of 2nd period - Deflect By Corey Trivino.
8:38 of 2nd period - Stopped by Joe Fallon with a rebound.
8:40 of 2nd period - Snap shot by Nick Spaling.
8:40 of 2nd period - Stopped by Joe Fallon without a rebound.
8:41 of 2nd period - Matt Pettinger wins face-off versus Greg Mauldin in Tamiflu zone.
9:00 of 2nd period - Slapshot by Nathan Oystrick.
9:00 of 2nd period - Shot Blocked by Brandon Burlon.
9:30 of 2nd period - Philip Samuelsson is hit by Stu Bickel and loses puck.
9:53 of 2nd period - Penalty to James Sheppard is over, James Sheppard is back on ice.
9:57 of 2nd period - Wrist shot by Cody Eakin.
9:57 of 2nd period - Stopped by Joe Fallon with a rebound.
9:59 of 2nd period - Wrist shot by Bryan Bickell.
9:59 of 2nd period - Shot Blocked by Nathan Oystrick.
10:01 of 2nd period - Snap shot by James Sheppard.
10:01 of 2nd period - Deflect By Nathan Oystrick.
10:01 of 2nd period - Goal by James Sheppard - Staline : 2 - Tamiflu : 1.
10:02 of 2nd period - Jamie Arniel wins face-off versus Jiri Sekac in neutral zone.
11:01 of 2nd period - Snap shot by Nick Spaling.
11:01 of 2nd period - Stopped by Joe Fallon without a rebound.
11:02 of 2nd period - Jiri Sekac wins face-off versus Jamie Arniel in Tamiflu zone.
11:05 of 2nd period - Snap shot by Matt Pettinger.
11:05 of 2nd period - Deflect By Steven Goertzen.
11:05 of 2nd period - Shot Misses the Net.
11:05 of 2nd period - Puck is out of play.
11:06 of 2nd period - Jiri Sekac wins face-off versus Jamie Arniel in Tamiflu zone.
11:14 of 2nd period - Icing by Mattias Tedenby.
11:15 of 2nd period - Jamie Arniel wins face-off versus Jiri Sekac in Tamiflu zone.
11:22 of 2nd period - Snap shot by Petr Pohl.
11:22 of 2nd period - Shot Hit the Post.
11:26 of 2nd period - Wrist shot by Petr Pohl.
11:26 of 2nd period - Stopped by Joni Ortio without a rebound.
11:27 of 2nd period - Jiri Sekac wins face-off versus Jamie Arniel in Staline zone.
12:11 of 2nd period - Minor Penalty to Barclay Goodrow for High sticking.
12:12 of 2nd period - Matt Pettinger wins face-off versus Greg Mauldin in Staline zone.
12:23 of 2nd period - Keith Yandle is hit by Nathan Oystrick and loses puck.
14:11 of 2nd period - Penalty to Barclay Goodrow is over, Barclay Goodrow is back on ice.
16:29 of 2nd period - Snap shot by Steven Goertzen.
16:29 of 2nd period - Deflect By Jiri Sekac.
16:29 of 2nd period - Stopped by Joe Fallon with a rebound.
16:31 of 2nd period - Slapshot by Stu Bickel.
16:31 of 2nd period - Deflect By Justin Braun.
16:31 of 2nd period - Stopped by Joe Fallon without a rebound.
16:32 of 2nd period - James Sheppard wins face-off versus Jamie Arniel in Tamiflu zone.
16:39 of 2nd period - Snap shot by Petr Pohl.
16:39 of 2nd period - Stopped by Joni Ortio without a rebound.
16:40 of 2nd period - Jamie Arniel wins face-off versus Jiri Sekac in Staline zone.
16:49 of 2nd period - Wrist shot by Petr Pohl.
16:49 of 2nd period - Deflect By Mattias Tedenby.
16:49 of 2nd period - Stopped by Joni Ortio with a rebound.
16:51 of 2nd period - Wrist shot by Jamie Arniel.
16:51 of 2nd period - Goal by Jamie Arniel - Staline : 2 - Tamiflu : 2.
16:52 of 2nd period - Jiri Sekac wins face-off versus Jamie Arniel in neutral zone.
16:54 of 2nd period - Minor Penalty to Steven Goertzen for Cross-checking.
16:55 of 2nd period - Matt Pettinger wins face-off versus Jamie Arniel in Staline zone.
16:55 of 2nd period - Matt Pettinger is hit by Jamie Arniel.
17:30 of 2nd period - Snap shot by Greg Mauldin.
17:30 of 2nd period - Stopped by Joni Ortio with a rebound.
17:32 of 2nd period - Backhand shot by Stefan Elliott.
17:32 of 2nd period - Stopped by Joni Ortio without a rebound.
17:33 of 2nd period - Matt Pettinger wins face-off versus Greg Mauldin in Staline zone.
17:56 of 2nd period - Snap shot by Bryan Bickell.
17:56 of 2nd period - Shot Blocked by Nathan Oystrick.
18:54 of 2nd period - Penalty to Steven Goertzen is over, Steven Goertzen is back on ice.
19:04 of 2nd period - Slapshot by Colin Greening.
19:04 of 2nd period - Stopped by Joni Ortio with a rebound.
19:08 of 2nd period - Snap shot by Jan Mursak.
19:08 of 2nd period - Shot Misses the Net.
19:10 of 2nd period - Snap shot by Mike Duco.
19:10 of 2nd period - Stopped by Joni Ortio without a rebound.
19:11 of 2nd period - Barclay Goodrow wins face-off versus Casey Wellman in Staline zone.
19:11 of 2nd period - Barclay Goodrow is hit by Stefan Elliott.
19:39 of 2nd period - Snap shot by Cody Eakin.
19:39 of 2nd period - Deflect By Nick Spaling.
19:39 of 2nd period - Goal by Nick Spaling - Staline : 3 - Tamiflu : 2.
19:40 of 2nd period - Jiri Sekac wins face-off versus Mattias Tedenby in neutral zone.
19:45 of 2nd period - Slapshot by Stu Bickel.
19:45 of 2nd period - Shot Blocked by Jamie Arniel.
19:47 of 2nd period - Wrist shot by Steven Goertzen.
19:47 of 2nd period - Shot Blocked by Petr Pohl.
19:55 of 2nd period - Wrist shot by Jamie Arniel.
19:55 of 2nd period - Stopped by Joni Ortio without a rebound.
19:55 of 2nd period - Minor Penalty to Joni Ortio for Slashing.
19:56 of 2nd period - Matt Pettinger wins face-off versus Greg Mauldin in Staline zone.
Goals for this period are 2 for Staline vs 1 for Tamiflu.
Shots for this period are 13 for Staline vs 15 for Tamiflu.
3rd period
0:01 of 3rd period - Matt Pettinger wins face-off versus Nino Niederreiter in neutral zone.
0:04 of 3rd period - Robert Dome is hit by Steven Goertzen and loses puck.
1:55 of 3rd period - Penalty to Stu Bickel is over, Stu Bickel is back on ice.
2:09 of 3rd period - Corey Trivino is hit by Adam Larsson and loses puck.
2:30 of 3rd period - Minor Penalty to Cody Eakin for Interference.
2:31 of 3rd period - Jamie Arniel wins face-off versus Matt Pettinger in Staline zone.
2:36 of 3rd period - Snap shot by Mattias Tedenby.
2:36 of 3rd period - Shot Misses the Net.
2:38 of 3rd period - Snap shot by Mattias Tedenby.
2:38 of 3rd period - Shot Blocked by Brandon Burlon.
2:40 of 3rd period - Wrist shot by Petr Pohl.
2:40 of 3rd period - Stopped by Joni Ortio with a rebound.
2:42 of 3rd period - Snap shot by Philip Samuelsson.
2:42 of 3rd period - Stopped by Joni Ortio without a rebound.
2:43 of 3rd period - Matt Pettinger wins face-off versus Greg Mauldin in Staline zone.
2:56 of 3rd period - Snap shot by Greg Mauldin.
2:56 of 3rd period - Stopped by Joni Ortio without a rebound.
2:57 of 3rd period - Steven Goertzen wins face-off versus Jamie Arniel in Staline zone.
2:57 of 3rd period - Steven Goertzen is hit by Mattias Tedenby.
3:18 of 3rd period - Wrist shot by Robert Dome.
3:18 of 3rd period - Goal by Robert Dome - Staline : 3 - Tamiflu : 3.
3:19 of 3rd period - Jamie Arniel wins face-off versus Jiri Sekac in neutral zone.
3:22 of 3rd period - Mattias Tedenby is hit by Jiri Sekac and loses puck.
3:31 of 3rd period - Snap shot by Steven Goertzen.
3:31 of 3rd period - Deflect By Matt Pettinger.
3:31 of 3rd period - Stopped by Joe Fallon with a rebound.
3:33 of 3rd period - Snap shot by Matt Pettinger.
3:33 of 3rd period - Stopped by Joe Fallon with a rebound.
3:35 of 3rd period - Snap shot by Matt Pettinger.
3:35 of 3rd period - Stopped by Joe Fallon without a rebound.
3:36 of 3rd period - Greg Mauldin wins face-off versus Cody Eakin in Tamiflu zone.
3:36 of 3rd period - Greg Mauldin is hit by Cody Eakin.
4:12 of 3rd period - Snap shot by Robert Dome.
4:12 of 3rd period - Shot Misses the Net.
4:34 of 3rd period - Snap shot by Jamie Arniel.
4:34 of 3rd period - Stopped by Joni Ortio without a rebound.
4:35 of 3rd period - Jamie Arniel wins face-off versus Cody Eakin in Staline zone.
4:36 of 3rd period - Slapshot by Mattias Tedenby.
4:36 of 3rd period - Shot Misses the Net.
5:19 of 3rd period - Off-side.
5:20 of 3rd period - Casey Wellman wins face-off versus Corey Trivino in neutral zone.
5:23 of 3rd period - James Sheppard is hit by Lucas Lessio.
5:31 of 3rd period - Snap shot by Corey Trivino.
5:31 of 3rd period - Stopped by Joe Fallon without a rebound.
5:32 of 3rd period - Jiri Sekac wins face-off versus Mattias Tedenby in Tamiflu zone.
5:42 of 3rd period - Jordan Hendry is hit by Brandon Burlon and loses puck.
5:59 of 3rd period - Philip Larsen is hit by Colin Greening and loses puck.
6:10 of 3rd period - Snap shot by Mike Duco.
6:10 of 3rd period - Stopped by Joni Ortio without a rebound.
6:11 of 3rd period - Greg Mauldin wins face-off versus Corey Trivino in Staline zone.
6:19 of 3rd period - Minor Penalty to Barclay Goodrow for Tripping.
6:20 of 3rd period - Greg Mauldin wins face-off versus Matt Pettinger in Staline zone.
6:57 of 3rd period - Nick Spaling is hit by Jamie Arniel.
8:19 of 3rd period - Penalty to Barclay Goodrow is over, Barclay Goodrow is back on ice.
10:42 of 3rd period - Minor Penalty to Brandon Burlon for Holding.
10:43 of 3rd period - Matt Pettinger wins face-off versus Greg Mauldin in Staline zone.
10:53 of 3rd period - Steven Goertzen is hit by Nino Niederreiter and loses puck.
12:20 of 3rd period - Icing by Mattias Tedenby.
12:21 of 3rd period - Jamie Arniel wins face-off versus Matt Pettinger in Tamiflu zone.
12:21 of 3rd period - Jamie Arniel is hit by Philip Larsen.
12:42 of 3rd period - Penalty to Brandon Burlon is over, Brandon Burlon is back on ice.
12:55 of 3rd period - Snap shot by Cody Eakin.
12:55 of 3rd period - Shot Blocked by Colin Greening.
13:01 of 3rd period - Jordan Caron is hit by Jan Mursak and loses puck.
13:18 of 3rd period - Slapshot by Philip Larsen.
13:18 of 3rd period - Shot Misses the Net.
13:20 of 3rd period - Slapshot by Philip Larsen.
13:20 of 3rd period - Stopped by Joe Fallon without a rebound.
13:21 of 3rd period - Corey Trivino wins face-off versus Casey Wellman in Tamiflu zone.
13:38 of 3rd period - Minor Penalty to Lucas Lessio for Hooking.
13:39 of 3rd period - Petr Pohl wins face-off versus Jiri Sekac in Tamiflu zone.
13:48 of 3rd period - Wrist shot by Stu Bickel.
13:48 of 3rd period - Deflect By Matt Pettinger.
13:48 of 3rd period - Stopped by Joe Fallon without a rebound.
13:49 of 3rd period - Petr Pohl wins face-off versus Jiri Sekac in Tamiflu zone.
14:00 of 3rd period - Slapshot by Keith Yandle.
14:00 of 3rd period - Shot Blocked by Jan Mursak.
14:10 of 3rd period - Slapshot by Keith Yandle.
14:10 of 3rd period - Stopped by Joe Fallon without a rebound.
14:11 of 3rd period - Petr Pohl wins face-off versus Cody Eakin in Tamiflu zone.
15:30 of 3rd period - Philip Larsen is hit by Greg Mauldin and loses puck.
15:38 of 3rd period - Penalty to Lucas Lessio is over, Lucas Lessio is back on ice.
15:53 of 3rd period - Wrist shot by Greg Mauldin.
15:53 of 3rd period - Stopped by Joni Ortio without a rebound.
15:54 of 3rd period - Corey Trivino wins face-off versus Greg Mauldin in Staline zone.
16:05 of 3rd period - Greg Mauldin is hit by James Sheppard and loses puck.
16:20 of 3rd period - Keith Yandle is hit by Mike Duco and loses puck.
16:54 of 3rd period - Snap shot by Jamie Arniel.
16:54 of 3rd period - Stopped by Joni Ortio without a rebound.
16:55 of 3rd period - Jamie Arniel wins face-off versus Cody Eakin in Staline zone.
16:56 of 3rd period - Snap shot by Mattias Tedenby.
16:56 of 3rd period - Stopped by Joni Ortio without a rebound.
16:57 of 3rd period - Jamie Arniel wins face-off versus Cody Eakin in Staline zone.
17:06 of 3rd period - Snap shot by Petr Pohl.
17:06 of 3rd period - Shot Misses the Net.
17:08 of 3rd period - Snap shot by Petr Pohl.
17:08 of 3rd period - Shot Misses the Net.
17:10 of 3rd period - Slapshot by Jordan Hendry.
17:10 of 3rd period - Shot Misses the Net.
17:35 of 3rd period - Jordan Caron is hit by Robert Dome and loses puck.
17:48 of 3rd period - Minor Penalty to Jan Mursak for Interference.
17:49 of 3rd period - Petr Pohl wins face-off versus Jiri Sekac in Tamiflu zone.
17:49 of 3rd period - Petr Pohl is hit by Stu Bickel.
18:15 of 3rd period - Stefan Elliott is hit by Stu Bickel and loses puck.
19:48 of 3rd period - Penalty to Jan Mursak is over, Jan Mursak is back on ice.
Goals for this period are 0 for Staline vs 1 for Tamiflu.
Shots for this period are 7 for Staline vs 9 for Tamiflu.
Overtime #1
0:01 of 1st overtime period - Matt Pettinger wins face-off versus Greg Mauldin in neutral zone.
0:10 of 1st overtime period - Snap shot by Matt Pettinger.
0:10 of 1st overtime period - Shot Blocked by Philip Samuelsson.
0:16 of 1st overtime period - Slapshot by Matt Pettinger.
0:16 of 1st overtime period - Shot Misses the Net.
1:22 of 1st overtime period - Wrist shot by Matt Pettinger.
1:22 of 1st overtime period - Goal by Matt Pettinger - Staline : 4 - Tamiflu : 3.
Goals for this period are 1 for Staline vs 0 for Tamiflu.
Shots for this period are 1 for Staline vs 0 for Tamiflu.
Back to the Top